[Event "29th Czech Open-Rapid 2018"]
[Site "Pardubice"]
[Date "2018.07.19"]
[Round "5"]
[White "Brejnik, Gustav"]
[Black "Balint, Vilmos"]
[Result "0-1"]
[ECO "A40"]
[WhiteElo "1951"]
[BlackElo "2226"]
[Annotator "NA"]
[PlyCount "94"]
[EventDate "2018.07.18"]
[EventType "swiss"]
[EventCountry "CZE"]
[SourceTitle "playchess.com"]
[Source "ChessBase"]
[SourceQuality "1"]
[TimeControl "900+10"]

1. d4 e6 2. c4 b6 3. e4 Bb4+ 4. Bd2 Bxd2+ 5. Qxd2 Bb7 6. Nc3 d5 7. cxd5 exd5 8. exd5 a6 9. Bc4 Ne7 10. Nf3 O-O 11. O-O Nxd5 12. Nxd5 Bxd5 13. Bxd5 Qxd5 14. Qc3 Rc8 15. Rfe1 Nd7 16. b3 Nf8 17. Re5 Qd6 18. Rae1 Ng6 19. R5e4 Rd8 20. g3 h6 21. Kg2 Rac8 22. Qc4 a5 23. h4 c5 24. dxc5 Rxc5 25. Re8+ Rxe8 26. Rxe8+ Nf8 27. Qe4 Rc1 28. Nd4 g6 29. h5 Rd1 30. Ne2 g5 31. g4 Rd2 32. Ng3 Qc5 33. Qf3 Rxa2 34. Ne4 Qd4 35. Qf5 Ra1 36. Nf6+ Kg7 37. Qf3 Ra2 38. Nd5 Ne6 39. Re7 Rxf2+ 40. Qxf2 Qxd5+ 41. Qf3 Nf4+ 42. Kg3 Nxh5+ 43. gxh5 Qd6+ 44. Kh3 Qxe7 45. Qc3+ Qf6 46. Qd3 Qe5 47. Qc4 Qe6+ 0-1

[Event "29th Czech Open-Rapid 2018"]
[Site "Pardubice"]
[Date "2018.07.19"]
[Round "5"]
[White "Barak, Gil"]
[Black "Kutynec, Vladimir"]
[Result "1-0"]
[ECO "B34"]
[WhiteElo "1946"]
[BlackElo "2134"]
[Annotator "NA"]
[PlyCount "77"]
[EventDate "2018.07.18"]
[EventType "swiss"]
[EventCountry "CZE"]
[SourceTitle "playchess.com"]
[Source "ChessBase"]
[SourceQuality "1"]
[TimeControl "900+10"]

1. e4 c5 2. Nf3 Nc6 3. d4 cxd4 4. Nxd4 g6 5. Nc3 Bg7 6. Be3 Nf6 7. Nxc6 dxc6 8. Qxd8+ Kxd8 9. O-O-O+ Nd7 10. Bc4 Ke8 11. f4 Nf8 12. Rd2 Be6 13. Bxe6 fxe6 14. Rhd1 Bh6 15. e5 g5 16. fxg5 Bg7 17. Ne4 Bxe5 18. Bd4 Ng6 19. Bxe5 Nxe5 20. Nc5 Nc4 21. Re2 Rd8 22. Rf1 e5 23. b3 b6 24. Ne6 Nd6 25. Nxd8 Kxd8 26. Rxe5 Rg8 27. Rfe1 Rg7 28. h4 c5 29. Rf1 Kd7 30. Rf8 Nb5 31. Rd5+ Kc6 32. Rd3 a5 33. a4 Nd6 34. Re3 Kd7 35. Kb2 c4 36. Rc3 cxb3 37. cxb3 e5 38. Rb8 Ne4 39. Rb7+ 1-0

[Event "29th Czech Open-Rapid 2018"]
[Site "Pardubice"]
[Date "2018.07.19"]
[Round "5"]
[White "Gschwendtner, Stanislav"]
[Black "Effenberger, Adam"]
[Result "1/2-1/2"]
[ECO "A37"]
[WhiteElo "1940"]
[BlackElo "1784"]
[Annotator "NA"]
[PlyCount "112"]
[EventDate "2018.07.18"]
[EventType "swiss"]
[EventCountry "CZE"]
[SourceTitle "playchess.com"]
[Source "ChessBase"]
[SourceQuality "1"]
[TimeControl "900+10"]

1. Nf3 c5 2. c4 g6 3. Nc3 Bg7 4. g3 Nc6 5. Bg2 d6 6. O-O Qd7 7. b3 b6 8. Bb2 Bb7 9. e3 e6 10. d4 Nge7 11. d5 exd5 12. cxd5 Ne5 13. Nxe5 Bxe5 14. f4 Bg7 15. e4 O-O-O 16. Rc1 f5 17. e5 dxe5 18. d6 Bxg2 19. Kxg2 Qxd6 20. Qxd6 Rxd6 21. Nb5 Rd2+ 22. Rf2 Rxf2+ 23. Kxf2 Nc6 24. fxe5 Bxe5 25. Nxa7+ Kb7 26. Nxc6 Bxb2 27. Rc2 Bf6 28. Re2 Kxc6 29. Re6+ Kb5 30. Rxf6 Ra8 31. a4+ Ka6 32. h4 Ra7 33. Ke3 Rd7 34. h5 gxh5 35. Rxf5 Rg7 36. Kf3 Ka5 37. Rf6 Rg6 38. Rf4 Rg4 39. Rf8 Kb4 40. Rb8 Rg6 41. Rb7 h6 42. Kf4 Kxb3 43. a5 Ka4 44. a6 Rg8 45. Rxb6 Ka5 46. Rc6 Kb5 47. Rxh6 c4 48. a7 Ra8 49. Rh7 c3 50. Rc7 Kb4 51. Kg5 Kb3 52. Kxh5 c2 53. g4 Kb2 54. Rb7+ Ka2 55. Rc7 Kb2 56. Rb7+ Ka2 1/2-1/2

[Event "29th Czech Open-Rapid 2018"]
[Site "Pardubice"]
[Date "2018.07.19"]
[Round "5"]
[White "Mlcak, Viktor"]
[Black "Zdechovsky, Tobias"]
[Result "0-1"]
[ECO "B20"]
[WhiteElo "1881"]
[BlackElo "1675"]
[Annotator "NA"]
[PlyCount "60"]
[EventDate "2018.07.18"]
[EventType "swiss"]
[EventCountry "CZE"]
[SourceTitle "playchess.com"]
[Source "ChessBase"]
[SourceQuality "1"]
[TimeControl "900+10"]

1. e4 c5 2. a3 Nc6 3. b4 a6 4. bxc5 e5 5. c3 Bxc5 6. Nf3 Qb6 7. Qe2 d6 8. d3 Nf6 9. Nbd2 Ng4 10. d4 exd4 11. Rb1 d3 12. Qxd3 Bxf2+ 13. Ke2 Qe3+ 14. Qxe3 Bxe3 15. Nc4 Bxc1 16. Rxc1 Ke7 17. Rd1 Rd8 18. h3 Nge5 19. Nb6 Rb8 20. Nd5+ Kf8 21. Nd4 Nxd4+ 22. cxd4 Nc4 23. Rd3 b5 24. Kf2 Bb7 25. Nc3 Nxa3 26. Be2 b4 27. Ra1 Nc4 28. Rg3 Nd2 29. Rd1 bxc3 30. Rxc3 Nxe4+ 0-1

[Event "29th Czech Open-Rapid 2018"]
[Site "Pardubice"]
[Date "2018.07.19"]
[Round "5"]
[White "Trost, Martin"]
[Black "Illetsko, Jaroslav"]
[Result "0-1"]
[ECO "B06"]
[WhiteElo "1844"]
[BlackElo "2177"]
[Annotator "NA"]
[PlyCount "86"]
[EventDate "2018.07.18"]
[EventType "swiss"]
[EventCountry "CZE"]
[SourceTitle "playchess.com"]
[Source "ChessBase"]
[SourceQuality "1"]
[TimeControl "900+10"]

1. e4 g6 2. d4 Bg7 3. c4 d6 4. Nc3 Nf6 5. Bd3 e5 6. d5 a5 7. Nge2 Na6 8. b3 Nc5 9. f3 Nh5 10. O-O O-O 11. Bc2 Nf4 12. Be3 Qg5 13. Nxf4 exf4 14. Bd4 Be5 15. Bxe5 Qxe5 16. Ne2 Bd7 17. Qd4 f6 18. Qxe5 fxe5 19. Nc3 g5 20. a3 Rf7 21. b4 Na6 22. Rfb1 b6 23. Ba4 Bxa4 24. Nxa4 h5 25. bxa5 bxa5 26. Rb7 g4 27. Kf2 Kh7 28. c5 Rg7 29. cxd6 cxd6 30. Rab1 Rc8 31. Rxg7+ Kxg7 32. Rb7+ Kg8 33. Rb6 Rc2+ 34. Kg1 g3 35. Rc6 Nc5 36. hxg3 fxg3 37. Kf1 Rf2+ 38. Kg1 Nd3 39. Rxd6 Nf4 40. Rd8+ Kf7 41. Rd7+ Ke8 42. Rg7 Ne2+ 43. Kh1 Rf1# 0-1

[Event "29th Czech Open-Rapid 2018"]
[Site "Pardubice"]
[Date "2018.07.19"]
[Round "5"]
[White "Priyanka, Nutakki"]
[Black "Gabr, Mohsen"]
[Result "1-0"]
[ECO "B06"]
[WhiteElo "1839"]
[BlackElo "2181"]
[Annotator "NA"]
[PlyCount "101"]
[EventDate "2018.07.18"]
[EventType "swiss"]
[EventCountry "CZE"]
[SourceTitle "playchess.com"]
[Source "ChessBase"]
[SourceQuality "1"]
[TimeControl "900+10"]

1. d4 g6 2. e4 Bg7 3. Nc3 c5 4. d5 d6 5. Bb5+ Nd7 6. a4 Ngf6 7. Nf3 O-O 8. h3 Ne8 9. O-O Nc7 10. Be2 Rb8 11. Nb5 a6 12. Nxc7 Qxc7 13. a5 Nf6 14. Nd2 e6 15. Bf3 exd5 16. exd5 c4 17. Ra3 Bd7 18. Nb1 Bb5 19. Nc3 Nd7 20. Bf4 Rfe8 21. Qd2 Re7 22. Nxb5 axb5 23. Qb4 Be5 24. Bxe5 Nxe5 25. Qxb5 Qd8 26. Be2 Rc7 27. f4 Rc5 28. Qb4 Nd7 29. Bxc4 Nf6 30. Rd1 Nh5 31. Be2 Ng7 32. Qd2 Rbc8 33. c4 Ra8 34. b4 Rc7 35. Bd3 Qf6 36. Qf2 Nh5 37. f5 Qg5 38. fxg6 hxg6 39. Bf1 Re8 40. c5 Rd8 41. Rf3 dxc5 42. d6 Rc6 43. Rxf7 cxb4 44. Rxb7 Nf4 45. Qa2+ Kh8 46. Qf7 Nxh3+ 47. Kh1 Nf2+ 48. Qxf2 Qh5+ 49. Kg1 Qc5 50. Rd4 Qf5 51. Qh4+ 1-0

[Event "29th Czech Open-Rapid 2018"]
[Site "Pardubice"]
[Date "2018.07.19"]
[Round "5"]
[White "Pavlicek, Lukas"]
[Black "Gorbatenko, Alexander"]
[Result "*"]
[ECO "A22"]
[WhiteElo "1819"]
[BlackElo "2093"]
[Annotator "NA"]
[PlyCount "51"]
[EventDate "2018.07.18"]
[EventType "swiss"]
[EventCountry "CZE"]
[SourceTitle "playchess.com"]
[Source "ChessBase"]
[SourceQuality "1"]
[TimeControl "900+10"]

1. c4 e5 2. Nc3 Nf6 3. g3 d5 4. cxd5 Nxd5 5. Bg2 Nb6 6. Nf3 Nc6 7. d3 f6 8. O-O Be6 9. Qc2 Qd7 10. a3 O-O-O 11. Be3 Bh3 12. b4 Bxg2 13. Kxg2 h5 14. Rfc1 h4 15. Ng1 hxg3 16. fxg3 f5 17. b5 Nd4 18. Bxd4 exd4 19. Nd1 f4 20. a4 fxg3 21. hxg3 Bd6 22. Qd2 Qg4 23. Qe1 Rdf8 24. a5 Nd5 25. Nf3 Qh3+ 26. Kg1 *

[Event "29th Czech Open-Rapid 2018"]
[Site "Pardubice"]
[Date "2018.07.19"]
[Round "5"]
[White "Natarov, Ilya"]
[Black "Roskova, Katerina"]
[Result "1/2-1/2"]
[ECO "D85"]
[WhiteElo "1808"]
[BlackElo "1886"]
[Annotator "NA"]
[PlyCount "104"]
[EventDate "2018.07.18"]
[EventType "swiss"]
[EventCountry "CZE"]
[SourceTitle "playchess.com"]
[Source "ChessBase"]
[SourceQuality "1"]
[TimeControl "900+10"]

1. d4 Nf6 2. c4 g6 3. Nc3 d5 4. cxd5 Nxd5 5. e4 Nxc3 6. bxc3 Bg7 7. Nf3 c5 8. Be3 Nc6 9. Rb1 Qa5 10. Qd2 cxd4 11. cxd4 Qxd2+ 12. Kxd2 O-O 13. Bd3 Rd8 14. d5 Na5 15. Rhc1 f5 16. Ke2 fxe4 17. Bxe4 Bf5 18. Bxf5 gxf5 19. Rb5 b6 20. Rc7 Bf6 21. Bd4 Kf7 22. Ne5+ Bxe5 23. Bxe5 Rdc8 24. d6 Rxc7 25. dxc7 Rc8 26. Kd3 Ke6 27. Bf4 Nb7 28. Re5+ Kf6 29. Rd5 Nc5+ 30. Kc4 Ne6 31. Be5+ Kf7 32. Bg3 f4 33. Bxf4 Nxf4 34. Rf5+ Ke6 35. Rxf4 Rxc7+ 36. Kd3 Rc5 37. Ra4 a5 38. Rh4 h5 39. g4 hxg4 40. Rxg4 Rh5 41. h4 b5 42. Ke3 Ke5 43. Rg5+ Rxg5 44. hxg5 Kf5 45. f4 b4 46. Kd4 a4 47. Kc4 b3 48. axb3 axb3 49. Kxb3 e5 50. g6 Kxg6 51. fxe5 Kf5 52. Kc4 Kxe5 1/2-1/2

[Event "29th Czech Open-Rapid 2018"]
[Site "Pardubice"]
[Date "2018.07.19"]
[Round "5"]
[White "Kusa, Jakub"]
[Black "Mitra, Roman"]
[Result "1-0"]
[ECO "B28"]
[WhiteElo "1781"]
[BlackElo "2118"]
[Annotator "NA"]
[PlyCount "91"]
[EventDate "2018.07.18"]
[EventType "swiss"]
[EventCountry "CZE"]
[SourceTitle "playchess.com"]
[Source "ChessBase"]
[SourceQuality "1"]
[TimeControl "900+10"]

1. e4 c5 2. Nf3 a6 3. c4 Nc6 4. d4 cxd4 5. Nxd4 e5 6. Nf5 d5 7. cxd5 Bxf5 8. dxc6 Qxd1+ 9. Kxd1 Bxe4 10. cxb7 Bxb7 11. Nc3 Bc5 12. f3 Ne7 13. Bd3 O-O 14. Ke2 f5 15. Be3 Rac8 16. Rac1 Bxe3 17. Kxe3 $11 Kf7 18. Rhd1 Kf6 19. Bxa6 Bxa6 20. Rd6+ Kg5 21. Rxa6 Nd5+ 22. Kf2 Rfd8 23. Rd1 Nxc3 24. Rxd8 Rxd8 25. bxc3 Rd2+ 26. Kf1 Kf4 27. c4 Ke3 28. Ra3+ Kd4 29. Ra5 e4 30. fxe4 fxe4 31. c5 e3 32. c6 Rc2 33. Ke1 Rxg2 34. Rc5 Kd3 35. Rd5+ Ke4 36. Rc5 g6 37. c7 Kf3 38. Kd1 e2+ 39. Kd2 Rg1 40. Re5 Rd1+ 41. Kc2 Rd5 42. Rxd5 e1=Q 43. Rd3+ Ke4 44. c8=Q Qf2+ 45. Rd2 Qc5+ 46. Qxc5 {[%emt 0:00:02] Kd5} 1-0

[Event "29th Czech Open-Rapid 2018"]
[Site "Pardubice"]
[Date "2018.07.19"]
[Round "5"]
[White "Tomek, Karel"]
[Black "Trost, Edvin"]
[Result "0-1"]
[ECO "A46"]
[WhiteElo "1774"]
[BlackElo "1831"]
[Annotator "NA"]
[PlyCount "74"]
[EventDate "2018.07.18"]
[EventType "swiss"]
[EventCountry "CZE"]
[SourceTitle "playchess.com"]
[Source "ChessBase"]
[SourceQuality "1"]
[TimeControl "900+10"]

1. d4 Nf6 2. Nf3 c5 3. e3 cxd4 4. exd4 d5 5. Bd3 Bg4 6. Nbd2 Nc6 7. c3 e6 8. O-O Bd6 9. h3 Bh5 10. Qe1 Qc7 11. b4 a6 12. Bb2 O-O 13. a4 Rfe8 14. Qb1 Bg6 15. Bxg6 hxg6 16. Re1 Nh5 17. Qc2 Nxb4 18. Qb3 Nd3 19. Reb1 Nxb2 20. Rxb2 Rab8 21. Rab1 b5 22. axb5 axb5 23. Qd1 Qxc3 24. Rxb5 Rxb5 25. Rxb5 Rc8 26. Rb1 Nf4 27. Nb3 Qc2 28. Qf1 Ne2+ 29. Kh1 Nc3 30. Nfd2 Nxb1 31. Qxb1 Qxb1+ 32. Nxb1 Rc2 33. N1d2 Bb4 34. Nf3 Rxf2 35. Kg1 Rb2 36. Nc5 Bxc5 37. dxc5 Rc2 0-1

[Event "29th Czech Open-Rapid 2018"]
[Site "Pardubice"]
[Date "2018.07.19"]
[Round "5"]
[White "Harshini, A."]
[Black "Nikologorsky, Matfei"]
[Result "0-1"]
[ECO "B43"]
[WhiteElo "1747"]
[BlackElo "2140"]
[Annotator "NA"]
[PlyCount "71"]
[EventDate "2018.07.18"]
[EventType "swiss"]
[EventCountry "CZE"]
[SourceTitle "playchess.com"]
[Source "ChessBase"]
[SourceQuality "1"]
[TimeControl "900+10"]

1. e4 c5 2. Nf3 e6 3. d4 cxd4 4. Nxd4 a6 5. Nc3 Qc7 6. Be2 b5 7. O-O Bb7 8. Bf3 Nc6 9. Nxc6 dxc6 10. Qe1 Bd6 11. h3 Nf6 12. Bg5 Be5 13. Rb1 h6 14. Bxf6 Bxf6 15. g3 Bd4 16. Ne2 Bb6 17. Bg2 c5 18. c4 bxc4 19. Qc3 O-O 20. Qxc4 a5 21. Rfd1 Ba6 22. Qc2 c4 23. Nf4 Rfd8 24. Re1 Qe5 25. Rbc1 Rd7 26. b3 Rad8 27. Nd5 exd5 28. exd5 cxb3 29. Qxb3 Qd4 30. Re3 a4 31. Qb1 Ba7 32. Rce1 g6 33. Re8+ Rxe8 34. Rxe8+ Kg7 35. Qe1 Bb7 36. Re4 0-1

[Event "29th Czech Open-Rapid 2018"]
[Site "Pardubice"]
[Date "2018.07.19"]
[Round "5"]
[White "Straka, Vojtech"]
[Black "Kyrychenko, Maryan"]
[Result "0-1"]
[ECO "D20"]
[WhiteElo "1722"]
[BlackElo "2120"]
[Annotator "NA"]
[PlyCount "168"]
[EventDate "2018.07.18"]
[EventType "swiss"]
[EventCountry "CZE"]
[SourceTitle "playchess.com"]
[Source "ChessBase"]
[SourceQuality "1"]
[TimeControl "900+10"]

1. d4 d5 2. c4 dxc4 3. e4 e5 4. d5 Nf6 5. Nc3 Bc5 6. Bg5 h6 7. Bh4 O-O 8. Bxc4 a6 9. a3 b5 10. Bb3 Nbd7 11. h3 b4 12. axb4 Bxb4 13. Bc2 Nc5 14. Bxf6 Qxf6 15. Nge2 Qg6 16. Ng3 a5 17. O-O Ba6 18. Re1 Rad8 19. Re3 Ne6 20. Nf5 Kh8 21. Qc1 Nf4 22. Rg3 Bxc3 23. Rxg6 Ne2+ 24. Kh2 Nxc1 25. Rxa6 Bd2 26. Ne3 Ne2 27. Nc4 Bb4 28. Nxe5 Bd6 29. Rxd6 cxd6 30. Nc6 Ra8 31. g3 Rfc8 32. Bd3 Rxc6 33. dxc6 Nd4 34. Rc1 Rc8 35. c7 Ne6 36. Rc6 Rxc7 37. Rxd6 Rb7 38. e5 Rxb2 39. Ra6 g6 40. Bxg6 Rxf2+ 41. Kg1 Rf3 42. Bxf7 Nc7 43. Rf6 Rxg3+ 44. Kh2 Rc3 45. e6 Kg7 46. Rf5 a4 47. Ra5 a3 48. h4 Kf6 49. Bg8 Ke7 50. Kg2 Nxe6 51. Re5 Rc6 52. Bxe6 Rxe6 53. Ra5 Re3 54. Kf2 Rb3 55. h5 Kd6 56. Ra6+ Kc5 57. Rxh6 Rb6 58. Rh8 Ra6 59. Rc8+ Kb4 60. Rb8+ Ka4 61. Rb1 a2 62. Ra1 Kb3 63. Kg3 Ra4 64. Rf1 Rc4 65. h6 Rc6 66. Rf3+ Kb4 67. Rf4+ Kb5 68. Rf5+ Kb6 69. Rf1 Rg6+ 70. Kh4 Rxh6+ 71. Kg5 Rh2 72. Kf4 Kb5 73. Ke3 Kb4 74. Kd3 Kb3 75. Rf8 Rh3+ 76. Kd2 a1=Q 77. Rb8+ Ka2 78. Ra8+ Ra3 79. Rc8 Qd4+ 80. Kc2 Qf2+ 81. Kc1 Qb2+ 82. Kd1 Rd3+ 83. Ke1 Qd2+ 84. Kf1 Rf3+ 0-1

[Event "29th Czech Open-Rapid 2018"]
[Site "Pardubice"]
[Date "2018.07.19"]
[Round "5"]
[White "Ret, Adam Josef"]
[Black "Fiala, Milan"]
[Result "1/2-1/2"]
[ECO "D35"]
[WhiteElo "1693"]
[BlackElo "1885"]
[Annotator "NA"]
[PlyCount "87"]
[EventDate "2018.07.18"]
[EventType "swiss"]
[EventCountry "CZE"]
[SourceTitle "playchess.com"]
[Source "ChessBase"]
[SourceQuality "1"]
[TimeControl "900+10"]

1. d4 d5 2. c4 e6 3. Nc3 Nf6 4. cxd5 exd5 5. Bg5 Be7 6. Nf3 O-O 7. e3 c6 8. Bd3 h6 9. Bxf6 Bxf6 10. O-O Bg4 11. h3 Bh5 12. Be2 Nd7 13. Ne1 Bg6 14. Bd3 Qc7 15. Bxg6 fxg6 16. Qc2 Kh7 17. Nxd5 Qd6 18. Nxf6+ Qxf6 19. Nd3 Rae8 20. Nf4 Nb6 21. Rac1 Nd5 22. Nxd5 cxd5 23. Qc5 Qf5 24. Qxa7 Re7 25. Qc5 Ref7 26. Qd6 g5 27. Qe5 Qd7 28. Rc5 Qa4 29. f3 Qxa2 30. Qxd5 Qxb2 31. Rb5 Qd2 32. Qe4+ Kg8 33. Qe6 Kh8 34. Rbb1 Rf6 35. Qe5 b6 36. Rfd1 Qe2 37. Re1 Qd2 38. Rbd1 Qc3 39. Qe4 b5 40. Qd3 Qa5 41. Ra1 Qb6 42. Qe2 b4 43. Rab1 Rb8 44. Qd3 1/2-1/2

[Event "29th Czech Open-Rapid 2018"]
[Site "Pardubice"]
[Date "2018.07.19"]
[Round "5"]
[White "Jun, Rudolf"]
[Black "Zlatin, Alexander"]
[Result "1/2-1/2"]
[ECO "C47"]
[WhiteElo "1651"]
[BlackElo "2135"]
[Annotator "NA"]
[PlyCount "169"]
[EventDate "2018.07.18"]
[EventType "swiss"]
[EventCountry "CZE"]
[SourceTitle "playchess.com"]
[Source "ChessBase"]
[SourceQuality "1"]
[TimeControl "900+10"]

1. e4 e5 2. Nf3 Nc6 3. Nc3 Nf6 4. d4 exd4 5. Nd5 d6 6. Nxd4 Be7 7. Bc4 Nxd5 8. exd5 Nxd4 9. Qxd4 O-O 10. O-O Bf6 11. Qd1 Bf5 12. Bd3 Qd7 13. Qf3 Bxd3 14. Qxd3 Rfe8 15. c3 Re7 16. Be3 Qg4 17. h3 Qe4 18. Qxe4 Rxe4 19. Rab1 Rae8 20. Rfc1 g6 21. c4 Bd4 22. Bxd4 Rxd4 23. Rc2 f5 24. f3 Kf7 25. Kf2 c5 26. dxc6 bxc6 27. b4 Rb8 28. a4 Rd3 29. c5 dxc5 30. Rxc5 Rd6 31. Ra5 Rb7 32. Rc5 h6 33. Rc4 Rd2+ 34. Kg3 Ra2 35. Rxc6 Rxa4 36. b5 Ra2 37. b6 axb6 38. Rcxb6 Re7 39. Rb7 Ra7 40. Rxa7 Rxa7 41. Rb2 Ra6 42. Re2 Re6 43. Ra2 g5 44. Rb2 Kg6 45. Ra2 Rb6 46. Rc2 h5 47. Rd2 Ra6 48. Rb2 h4+ 49. Kf2 Ra5 50. Rc2 Kh5 51. Rb2 Re5 52. Rc2 Re6 53. Rd2 Kg6 54. Rc2 Kf6 55. Rb2 f4 56. Rc2 Ra6 57. Re2 Ra5 58. Rb2 Ke5 59. Rd2 Rb5 60. Ke2 Ra5 61. Kf2 Rd5 62. Re2+ Kd4 63. Re4+ Kd3 64. Re8 Kd2 65. Re7 Kd1 66. Re8 Kc2 67. Rc8+ Kd2 68. Re8 Kd3 69. Re7 Kd4 70. Re4+ Kc5 71. Re2 Kd6 72. Rc2 Re5 73. Rd2+ Kc5 74. Rc2+ Kd4 75. Ra2 Rb5 76. Ra4+ Kc3 77. Ra8 Rb2+ 78. Kf1 Rb5 79. Kf2 Kd4 80. Rd8+ Rd5 81. Re8 Kd3 82. Rc8 Kd2 83. Re8 Kd1 84. Re7 Rd2+ 85. Kf1 1/2-1/2

[Event "29th Czech Open-Rapid 2018"]
[Site "Pardubice"]
[Date "2018.07.19"]
[Round "5"]
[White "Skoloud, Barnabas"]
[Black "Vokoun, Jan"]
[Result "1-0"]
[ECO "B20"]
[WhiteElo "1637"]
[BlackElo "2155"]
[Annotator "NA"]
[PlyCount "53"]
[EventDate "2018.07.18"]
[EventType "swiss"]
[EventCountry "CZE"]
[SourceTitle "playchess.com"]
[Source "ChessBase"]
[SourceQuality "1"]
[TimeControl "900+10"]

1. e4 c5 2. c4 b6 3. Nc3 Bb7 4. g3 g6 5. Nge2 Bg7 6. d4 cxd4 7. Nxd4 a6 8. Bg2 d6 9. Be3 Nd7 10. O-O Rc8 11. Qe2 Ne5 12. b3 b5 13. f4 Nd7 14. Rab1 bxc4 15. bxc4 Ba8 16. Bh3 Qc7 17. Nd5 Bxd5 18. cxd5 Ra8 19. Rfc1 Nc5 20. Nb3 Nf6 21. e5 Nxd5 22. exd6 exd6 23. Bxc5+ Kf8 24. Bd4 Bxd4+ 25. Nxd4 Qa7 26. Qf2 Re8 27. Ne6+ 1-0

[Event "29th Czech Open-Rapid 2018"]
[Site "Pardubice"]
[Date "2018.07.19"]
[Round "5"]
[White "Rakshitta, Ravi"]
[Black "Grekh, Andrey"]
[Result "0-1"]
[ECO "B24"]
[WhiteElo "1565"]
[BlackElo "2351"]
[Annotator "NA"]
[PlyCount "68"]
[EventDate "2018.07.18"]
[EventType "swiss"]
[EventCountry "CZE"]
[SourceTitle "playchess.com"]
[Source "ChessBase"]
[SourceQuality "1"]
[TimeControl "900+10"]

1. e4 c5 2. Nc3 Nc6 3. Bb5 e6 4. Nf3 Nge7 5. O-O a6 6. Be2 Ng6 7. d4 cxd4 8. Nxd4 Be7 9. Be3 O-O 10. f4 d6 11. Kh1 Nxd4 12. Bxd4 e5 13. Be3 exf4 14. Bxf4 Nxf4 15. Rxf4 Bf6 16. Bg4 Be5 17. Bxc8 Bxf4 18. Bh3 Be5 19. Nd5 Bxb2 20. Rb1 Be5 21. Rxb7 Qh4 22. Ne7+ Kh8 23. Nf5 Qxe4 24. Re7 Qf4 25. g3 Qe4+ 26. Kg1 g6 27. Bg2 Qxf5 28. Bxa8 Rxa8 29. Qd5 Rf8 30. c4 Qb1+ 31. Kg2 Qxa2+ 32. Kh3 Qf2 33. c5 Qf1+ 34. Qg2 Qf5+ 0-1

[Event "29th Czech Open-Rapid 2018"]
[Site "Pardubice"]
[Date "2018.07.19"]
[Round "6"]
[White "Belyakov, Bogdan"]
[Black "Vorobiov, Evgeny E"]
[Result "1-0"]
[ECO "B22"]
[WhiteElo "2485"]
[BlackElo "2563"]
[Annotator "RC"]
[PlyCount "79"]
[EventDate "2018.07.18"]
[EventType "swiss"]
[EventCountry "CZE"]
[SourceTitle "playchess.com"]
[Source "ChessBase"]
[SourceQuality "1"]
[TimeControl "900+10"]

1. e4 c5 2. c3 Nf6 3. e5 Nd5 4. Nf3 Nc6 5. Bc4 Nb6 6. Bb3 c4 7. Bc2 d5 8. exd6 Qxd6 9. O-O g6 10. Na3 Bg7 11. b3 cxb3 12. axb3 O-O 13. Re1 Bg4 14. h3 Bxf3 15. Qxf3 Rfd8 16. Nc4 Nxc4 17. bxc4 Rac8 18. d4 b6 19. Be4 Na5 20. c5 Qd7 21. Bg5 h6 22. Bh4 Nb3 23. Rad1 bxc5 24. Bc2 g5 25. Bxb3 c4 26. Bc2 gxh4 27. Qe4 e6 28. Qxh4 Kf8 29. Re3 Qe7 30. Qg4 Rd5 31. Rf3 Rg5 32. Qe4 h5 33. Rb1 f5 34. Rb7 Qd6 35. Rxa7 Rb8 36. Ra8 Ke7 37. Ra7+ Kf8 38. Qe2 Bf6 39. Qxc4 Rb2 40. Qc8+ 1-0

[Event "29th Czech Open-Rapid 2018"]
[Site "Pardubice"]
[Date "2018.07.19"]
[Round "6"]
[White "Neuman, Petr"]
[Black "Gasanov, Eldar"]
[Result "0-1"]
[ECO "B00"]
[WhiteElo "2449"]
[BlackElo "2514"]
[Annotator "ChessBase"]
[PlyCount "94"]
[EventDate "2018.07.18"]
[EventType "swiss"]
[EventCountry "CZE"]
[SourceTitle "playchess.com"]
[Source "ChessBase"]
[SourceQuality "1"]
[TimeControl "900+10"]

1. e4 Nc6 2. Nf3 d6 3. d4 Nf6 4. Nc3 g6 5. h3 Bg7 6. Be3 a6 7. Be2 O-O 8. O-O b5 9. a3 h6 10. Qd2 Kh7 11. Rad1 e6 12. Rfe1 Bb7 13. Qc1 Ne7 14. Bd3 Qc8 15. Bf4 Rd8 16. Bh2 c5 17. Bf1 b4 18. axb4 cxb4 19. e5 bxc3 20. exf6 Bxf6 21. bxc3 Qxc3 22. Re3 Qc7 23. c4 Nf5 24. Rb3 Qe7 25. Qb2 Bc6 26. g4 Nh4 27. Nxh4 Bxh4 28. Rb6 Be8 29. Bg2 Rac8 30. Rc1 Bg5 31. f4 Bf6 32. Rxa6 d5 33. f5 dxc4 34. fxg6+ fxg6 35. Be5 Bxe5 36. dxe5 Qc5+ 37. Qf2 Qxf2+ 38. Kxf2 Rd2+ 39. Kg3 c3 40. Rxe6 c2 41. Rd6 Rc3+ 42. Kh2 Re2 43. Kh1 Rb3 44. Ra6 Rb1 45. Ra1 Rxa1 46. Rxa1 Rd2 47. Bf3 Bc6 0-1

[Event "29th Czech Open-Rapid 2018"]
[Site "Pardubice"]
[Date "2018.07.19"]
[Round "6"]
[White "Potapov, Alexander"]
[Black "Meleshko, Vladimir"]
[Result "0-1"]
[ECO "A52"]
[WhiteElo "2407"]
[BlackElo "2284"]
[Annotator "NA"]
[PlyCount "85"]
[EventDate "2018.07.18"]
[EventType "swiss"]
[EventCountry "CZE"]
[SourceTitle "playchess.com"]
[Source "ChessBase"]
[SourceQuality "1"]
[TimeControl "900+10"]

1. d4 Nf6 2. c4 e5 3. dxe5 Ng4 4. Nh3 Nxe5 5. e3 d6 6. Nf4 g6 7. Nc3 Bg7 8. Be2 O-O 9. O-O Be6 10. Nxe6 fxe6 11. f4 Ned7 12. Qd2 Nc5 13. Bf3 Nc6 14. Rb1 a5 15. b3 e5 16. Bb2 Qd7 17. Ba3 Nb4 18. Nd5 Nxd5 19. Qxd5+ Ne6 20. Rbd1 Kh8 21. Qxb7 Rab8 22. Qd5 exf4 23. Bg4 Rbe8 24. exf4 Qf7 25. g3 a4 26. Rfe1 Nd8 27. Qxf7 Nxf7 28. b4 Rd8 29. Kg2 Nh6 30. Bh3 Bf6 31. Re6 Kg7 32. Rde1 Rb8 33. b5 Rfd8 34. g4 Ng8 35. g5 Bd4 36. R6e4 Bc3 37. Rc1 Ba5 38. Be6 Re8 39. Rc2 h5 40. Rce2 Bb6 41. Kf3 Re7 42. Bb2+ Kh7 43. Bf7 0-1

[Event "29th Czech Open-Rapid 2018"]
[Site "Pardubice"]
[Date "2018.07.19"]
[Round "6"]
[White "Shkuran, Daniil"]
[Black "Zhuravlev, Stepan"]
[Result "1/2-1/2"]
[ECO "A06"]
[WhiteElo "2404"]
[BlackElo "2206"]
[Annotator "NA"]
[PlyCount "81"]
[EventDate "2018.07.18"]
[EventType "swiss"]
[EventCountry "CZE"]
[SourceTitle "playchess.com"]
[Source "ChessBase"]
[SourceQuality "1"]
[TimeControl "900+10"]

1. Nf3 d5 2. g3 c6 3. Bg2 Bg4 4. d4 Nd7 5. h3 Bh5 6. O-O Ngf6 7. Nbd2 e6 8. Re1 Bd6 9. e4 dxe4 10. Nxe4 Nxe4 11. Rxe4 O-O 12. c3 Qc7 13. Re1 Rfe8 14. Be3 Rad8 15. g4 Bg6 16. Nh4 c5 17. Nxg6 hxg6 18. Qf3 cxd4 19. cxd4 b6 20. Rac1 Qb8 21. Qb7 Qxb7 22. Bxb7 Nf6 23. Rc4 Nd5 24. Bd2 Bf4 25. Be3 Bd6 26. Bg5 Be7 27. Be3 Bd6 28. Kg2 Nf4+ 29. Bxf4 Bxf4 30. d5 g5 31. dxe6 Rxe6 32. Rxe6 fxe6 33. Bc8 Kf7 34. Rc6 Rd2 35. Bxe6+ Ke7 36. Bc4 Rxb2 37. Re6+ Kf8 38. Bd3 Kf7 39. Bc4 Kf8 40. Bd3 Kf7 41. Bc4 1/2-1/2

[Event "29th Czech Open-Rapid 2018"]
[Site "Pardubice"]
[Date "2018.07.19"]
[Round "6"]
[White "Skliarov, Viktor"]
[Black "Soural, Jan"]
[Result "1-0"]
[ECO "B31"]
[WhiteElo "2384"]
[BlackElo "2202"]
[Annotator "NA"]
[PlyCount "77"]
[EventDate "2018.07.18"]
[EventType "swiss"]
[EventCountry "CZE"]
[SourceTitle "playchess.com"]
[Source "ChessBase"]
[SourceQuality "1"]
[TimeControl "900+10"]

1. e4 c5 2. Nf3 Nc6 3. Bb5 g6 4. O-O Bg7 5. Re1 Nf6 6. e5 Nd5 7. Nc3 Nc7 8. Bxc6 dxc6 9. Ne4 b6 10. Nf6+ Kf8 11. Ne4 Bg4 12. d3 Ne6 13. h3 Bxf3 14. Qxf3 Qd5 15. Nd2 Rd8 16. Qxd5 Rxd5 17. Nf3 h6 18. a3 Kg8 19. b4 Nd4 20. Nxd4 cxd4 21. e6 f5 22. a4 Kh7 23. a5 b5 24. Bb2 c5 25. bxc5 b4 26. Ra4 Rb8 27. Bc1 Rxc5 28. Bd2 Rcb5 29. Kf1 Be5 30. Rb1 Bd6 31. f4 Kg7 32. Re1 a6 33. Bc1 b3 34. cxb3 Rxb3 35. Rxd4 R3b5 36. Bd2 Rb1 37. Bc3 Kf8 38. Rc4 Bxf4 39. Rxf4 1-0